Map: Automaton LE

Players

hibiki - Winner!

  • Race: Zerg Zerg
  • League: Diamond
  • Spawn Location: 3:00

A.I. 1 (Elite)

  • Race: Protoss Protoss
  • Spawn Location: 9:00

VOD

Have the link to the VOD?

Description

Time

  • Played on: Dec. 25, 2018, 12:37 a.m.
  • Length: 5:19
Show
View Real Time Build Order
Export as new Build Order

hibiki Zerg - Winner!

Build Orders: Hatch First 

Get SALT Encoding   

  12  0:01  Drone  
  13  0:13  Overlord  
  13  0:19  Drone  
  14  0:32  Drone x2  
  16  0:35  Drone  
  17  0:55  Hatchery  
  16  0:57  Drone  
  16  1:00  Drone  
  18  1:12  Extractor  
  18  1:17  Spawning Pool  
  16  1:19  Drone  
  16  1:23  Drone  
  18  1:29  Drone  
  19  1:39  Overlord  
  19  1:52  Drone  
  20  2:04  Queen  
  20  2:07  Queen  
  20  2:08  Zergling x4  
  26  2:14  Metabolic Boost  
  26  2:16  Drone  
  26  2:20  Drone  
  28  2:31  Roach Warren  
  27  2:38  Overlord  
  27  2:41  Overlord  
  27  2:47  Overlord  
  27  2:56  Overlord  
  27  3:12  Roach x4  
  35  3:15  Roach  
  35  3:19  Zergling x2  
  38  3:25  Zergling x4  
  40  3:29  Zergling x2  
  40  3:30  Zergling x2  
  42  3:35  Zergling x4  
  42  3:39  Ravager  
  45  3:49  Zergling x6  
  45  3:54  Ravager  
  49  4:00  Zergling x4  
  49  4:01  Zergling x4  
  53  4:09  Zergling x6  
  56  4:19  Zergling x6  
  59  4:24  Ravager  
  60  4:33  Zergling x8  
  62  4:43  Zergling x2  
  62  4:44  Zergling x6  
  60  4:48  Zergling x4  
  57  4:59  Zergling x6  
Show
View Real Time Build Order
Export as new Build Order

A.I. 1 (Elite) Protoss 

Build Orders:  

Get SALT Encoding   

  12  0:00  Probe  
  13  0:13  Probe  
  14  0:21  Pylon  
  14  0:25  Probe  
  15  0:35  Probe  
  16  0:43  Probe  
  16  0:49  Assimilator  
  17  0:52  Gateway, Probe  
  18  1:00  Probe  
  18  1:01  Pylon  
  19  1:08  Probe  
  20  1:20  Probe  
  21  1:41  Gateway  
  21  1:42  Probe  
  21  1:43  Zealot  
  21  1:44  Cybernetics Core  
  24  1:52  Pylon  
  24  1:53  Probe  
  25  2:01  Probe  
  26  2:09  Probe  
  26  2:10  Zealot  
  29  2:18  Warp Gate  
  29  2:28  Adept  
  31  2:34  Gateway  
  31  2:37  Adept  
  31  2:42  Gateway  
  33  2:55  Adept x2  
  35  2:59  Pylon  
  35  3:00  Probe  
  38  3:21  Adept x2  
  38  3:22  Adept  
  44  3:30  Adept  
  44  3:32  Pylon  
  46  3:40  Twilight Council  
  45  3:48  Stalker  
  47  4:07  Pylon  
  47  4:34  Assimilator  
  47  4:40  Dark Shrine  
  47  4:41  Zealot  
  43  4:46  Zealot  
  43  4:50  Zealot  
  39  4:56  Zealot  
  39  4:57  Probe  
  32  5:02  Zealot  
  28  5:08  Zealot  
  28  5:11  Zealot  
Tags
 
League
Diamond
Matchup
PvZ
Spawn Locations
Cross Positions
Add a new tag
Caveats
  • Supply blocks, unpowered buildings, or Contaminate may cause inaccurate times.
  • Supply counts are checked every 10 seconds.